 Dungeon Crawl Stone Soup version 0.29.1-2-gbd0b4ee654 (webtiles) character file.

Game seed: 11157263578211251410

32 PhantomBowie the Cudgeller (level 3, -1/33 HPs)
             Began as a Minotaur Berserker on Nov 16, 2022.
             Was a Follower of Trog.
             Slain by a hobgoblin (3 damage)
             ... led by Robin
             ... on level 1 of the Dungeon.
             The game lasted 00:04:29 (1216 turns).

PhantomBowie the Cudgeller (Minotaur Berserker)     Turns: 1216, Time: 00:04:30

Health: -1/33      AC:  5    Str: 23    XL:     3   Next: 10%
Magic:  2/2        EV: 12    Int:  4    God:    Trog [*.....]
Gold:   112        SH:  0    Dex: 15    Spells: 2/2 levels left

rFire   . . .      SeeInvis .   a - +0 mace
rCold   . . .      Faith    .   (no shield)
rNeg    . . .      Spirit   .   j - +0 ring mail
rPois   .          Reflect  .   (helmet restricted)
rElec   .          Harm     .   (no cloak)
rCorr   .          Rampage  .   (no gloves)
Will    .....                   (no boots)
Stlth   +.........              (no amulet)
HPRegen 0.11/turn               m - +6 ring of dexterity
MPRegen 0.08/turn               (no ring)

@: on berserk cooldown, slowed, very slow
A: horns 2, retaliatory headbutt
a: Renounce Religion, Berserk


You were on level 1 of the Dungeon.
You worshipped Trog.
Trog was aware of your devotion.
You visited 1 branch of the dungeon, and saw 2 of its levels.

You collected 112 gold pieces.

Inventory:

Hand Weapons
 a - a +0 mace (weapon)
Missiles
 c - 25 stones (quivered)
 i - 9 poisoned darts
Armour
 j - a +0 ring mail (worn)
Jewellery
 m - a +6 ring of dexterity (left hand)
Scrolls
 d - 3 scrolls of identify {unknown}
 e - 2 scrolls of teleportation {unknown}
 f - a scroll of brand weapon {unknown}
 h - a scroll of silence {unknown}
 k - a scroll of magic mapping {unknown}
 l - a scroll of noise {unknown}
Potions
 b - a potion of might {unknown}
 g - 2 potions of mutation {unknown}


   Skills:
 + Level 4.1 Fighting
 + Level 4.2 Maces & Flails
 + Level 2.8 Armour
 + Level 2.6 Dodging


You had 2 spell levels left.
You didn't know any spells.
Your spell library was empty.

Dungeon Overview and Level Annotations

Branches:
Dungeon (2/15)

Altars:
Xom

Annotations:
D:1 Robin


Innate Abilities, Weirdness & Mutations

You have a pair of horns on your head.
You reflexively headbutt those who attack you in melee.


Message History

You feel stronger. x2
You sock the goblin!
You kill the goblin!
Trog accepts your kill. The hobgoblin barely misses you.
You furiously retaliate!
You headbutt the hobgoblin.
You kill the hobgoblin!
Trog accepts your kill. The goblin hits you but does no damage.
Robin hits you but does no damage. The goblin barely misses you.
The goblin barely misses you. You furiously retaliate!
You headbutt the goblin!
You kill the goblin!
Trog accepts your kill. The goblin misses you.
There is a stone staircase leading up here.
Things that are here:
a +0 club; an amulet of the acrobat You can't go down here!
You feel a strong urge to attack something.
You climb upwards.
There is a stone staircase leading down here.
You feel your anger nearly subside.
You are no longer berserk.
You are exhausted.
You feel yourself slow down.
The hobgoblin hits you but does no damage.
The goblin hits you with a +0 club.
* * * LOW HITPOINT WARNING * * *
Robin attacks as you move away! Robin hits you but does no damage.
The goblin hits you with a +0 club.
* * * LOW HITPOINT WARNING * * *
The goblin attacks as you move away! The goblin hits you but does no damage.
The hobgoblin misses you. Robin throws the goblin at you!
You hit the goblin. Your headbutt misses the goblin.
The goblin is moderately wounded.
The hobgoblin no longer looks unusually strong.
The hobgoblin misses you. You furiously retaliate!
You headbutt the hobgoblin. The goblin hits you with a +0 club.
* * * LOW HITPOINT WARNING * * *
The hobgoblin hits you.
You die...

#.....####...##...............
#........+...##.....####.##...
#####).###...##.....# #)####.
#..# #...##.....# #.# #.
#######..###...##.....# #.####.
#..........#...>......# #....#.
#..........')..g##....# #....#.
#..........#.##g#...######....#.
#..........+..#@#.#.#....#....#.
#..........#..#g#.#.##.#.#.####.
#..........#..#.#........#.####.
#..........#..#.###.#....#.#.##.
#..........#.............#.#....
#..........#.##.#........#.#.###
#######..###....#........#.#.#
##.# ###..######...#.#.#
#.#####..#............###


You could see Robin, a hobgoblin and a goblin (strong).

Vanquished Creatures
  An adder (D:2)
  A bat (D:1)
  4 hobgoblins
  2 ball pythons (D:1)
  4 frilled lizards
  7 goblins
  A kobold (D:1)
  4 rats
24 creatures vanquished.

Notes
Turn   | Place    | Note
-------+----------+-------------------------------------------
     0 | D:1      | PhantomBowie the Minotaur Berserker began the quest for the
                  | Orb.
     0 | D:1      | Reached XP level 1. HP: 19/19 MP: 0/0
   464 | D:1      | Reached XP level 2. HP: 23/27 MP: 1/1
  1106 | D:2      | Found a shimmering altar of Xom.
  1170 | D:2      | Noticed Robin
  1209 | D:2      | Reached XP level 3. HP: 13/33 MP: 2/2
  1216 | D:1      | Slain by a hobgoblin

Illustrated notes

Levels and vault maps discovered:
D:1:      mrwooster_arrival_statue, layout_basic
D:2:      minmay_evil_eye, layout_basic, basic_altar, uniq_natasha, uniq_robin

Skill      XL: |  1  2 |
---------------+-------+-----
Maces & Flails | 4 |  4.2
Fighting       | 4 |  4.1
Armour         | |  2.8
Dodging        | |  2.6

Action                   || total
-------------------------++-------
Melee: Mace              ||    48
       Headbutt          ||     1
Invok: Berserk           ||     1
Armor: Animal skin       ||     3
       Ring mail         ||    19
Dodge: Dodged            ||    41
